Map: New Gettysburg LE

Players

HeroMarine

  • Race: Terran Terran

TRUE - Winner!

  • Race: Zerg Zerg

Event: 2016 WCS Summer Circuit Championship (DH Montreal)

VOD

https://www.youtube.com/watch?v=Ysql2GCEOxk

Description

Time

  • Played on: Aug. 14, 2016, 11:56 a.m.
  • Length: 12:35

All games in this series

Show
View Real Time Build Order
Export as new Build Order

HeroMarine Terran 

Build Orders: Command Center First (CC), Liberator Opening 

Get SALT Encoding   

  12  0:00  SCV  
  13  0:13  SCV  
  14  0:18  Supply Depot  
  14  0:25  SCV  
  15  0:40  SCV  
  16  0:52  SCV  
  17  1:00  Command Center  
  17  1:04  SCV  
  18  1:14  Barracks  
  18  1:18  SCV  
  19  1:23  Refinery  
  19  1:30  SCV  
  20  1:36  Refinery  
  20  1:42  SCV  
  21  1:54  SCV  
  22  2:04  Barracks Reactor  
  22  2:06  Orbital Command  
  22  2:12  Orbital Command  
  22  2:21  Factory  
  22  2:33  SCV  
  22  2:37  Bunker  
  23  2:39  SCV  
  23  2:40  Marine x2  
  26  2:45  SCV  
  26  2:51  SCV  
  28  2:54  Engineering Bay  
  28  2:59  Marine x2  
  28  3:01  SCV  
  31  3:06  SCV  
  32  3:18  Starport  
  32  3:19  SCV x2  
  34  3:25  Factory Tech Lab  
  34  3:26  Factory Reactor  
  36  3:31  Factory Reactor  
  36  3:33  SCV x2  
  34  3:37  Barracks Reactor  
  34  3:38  Hellion x2, Supply Depot  
  38  3:46  Supply Depot  
  38  3:51  Supply Depot  
  38  3:59  Liberator x2  
  38  4:00  Hellion x2, SCV x2  
  44  4:12  SCV x2  
  54  4:24  Hellion, SCV x2  
  54  4:25  Hellion  
  54  4:27  Barracks Tech Lab  
  58  4:32  Supply Depot  
  58  4:35  Armory  
  58  4:36  SCV  
  58  4:37  SCV  
  60  4:44  Supply Depot  
  60  4:48  Liberator, SCV  
  60  4:49  SCV  
  60  4:51  Liberator  
  62  4:54  Hellion x2, Marine  
  62  4:55  Refinery  
  67  5:00  SCV  
  67  5:01  SCV  
  75  5:15  SCV x2  
  75  5:17  Supply Depot  
  77  5:27  Command Center  
  77  5:30  Marine  
  78  5:38  Marine, Siege Tank  
  78  5:39  Supply Depot  
  78  5:42  SCV x2  
  84  5:48  Marine  
  83  5:54  SCV x2  
  83  5:56  Marine  
  82  6:02  Engineering Bay x2  
  82  6:03  Medivac x2  
  78  6:06  Marine, SCV x2  
  76  6:11  Barracks  
  76  6:13  Barracks  
  76  6:14  Marine  
  76  6:17  Refinery  
  74  6:19  Supply Depot  
  74  6:23  Siege Tank  
  74  6:24  Marine  
  78  6:30  SCV x2  
  77  6:34  Marine  
  75  6:42  Marine  
  75  6:43  Terran Infantry Armor Level 1, Terran Infantry Weapons Level 1  
  75  6:46  Barracks, SCV  
  78  6:49  Barracks  
  78  6:51  Orbital Command  
  78  6:52  Marine  
  76  6:57  Supply Depot  
  76  6:59  Marine, SCV x2  
  79  7:01  Barracks Tech Lab  
  79  7:02  Barracks Tech Lab  
  79  7:10  Supply Depot, Marine  
  79  7:12  Siege Tank  
  83  7:16  SCV x2  
  83  7:17  Marine  
  86  7:22  Marine  
  86  7:23  Marine  
  86  7:29  Supply Depot  
  88  7:31  SCV x2  
  88  7:32  Marine, Medivac  
  88  7:33  Medivac  
  88  7:35  Marine  
  96  7:38  Orbital Command  
  96  7:48  SCV x2  
  96  7:49  Barracks Reactor x2  
  101  7:53  Stimpack  
  101  7:55  Marine x2  
  101  7:56  Supply Depot x3, Marine  
  104  8:00  SCV x2  
  104  8:03  Marine  
  107  8:07  SCV  
  107  8:11  Combat Shields  
  107  8:12  SCV  
  106  8:13  Marine x3  
  106  8:14  SCV  
  106  8:15  Factory Reactor  
  106  8:19  SCV  
  106  8:24  Marine, Medivac x2, SCV  
  106  8:26  SCV  
  113  8:27  Marine x3  
  113  8:28  Marine  
  113  8:31  Marine x2, SCV  
  120  8:36  SCV  
  120  8:39  Barracks  
  120  8:40  Marine  
  121  8:42  Barracks x2, Marine  
  121  8:45  Marine  
  121  8:46  Terran Infantry Weapons Level 2  
  123  8:50  Terran Infantry Armor Level 2  
  123  8:51  Refinery  
  123  8:53  Missile Turret, Marine x2  
  125  8:58  Marine x2  
  125  9:02  Marauder  
  129  9:07  Marine x2  
  129  9:08  Marine  
  132  9:11  Marine x2  
  132  9:13  Widow Mine x2  
  132  9:16  Marine  
  139  9:22  Supply Depot  
  139  9:23  Marauder  
  141  9:24  Marine x2  
  141  9:28  Marine  
  141  9:29  Barracks Reactor  
  141  9:31  Barracks Tech Lab  
  144  9:33  Marine  
  144  9:34  Marine x2, Marauder  
  144  9:35  Medivac x2  
  144  9:37  Barracks Tech Lab  
  153  9:39  Supply Depot  
  153  9:40  Supply Depot x2  
  153  9:45  Marauder  
  154  9:47  Marine x2  
  154  9:48  Marine  
  154  9:51  Missile Turret  
  157  9:53  Missile Turret  
  157  9:55  Marauder  
  157  9:56  Widow Mine, Marauder x2  
  157  9:58  Missile Turret  
  165  10:00  Widow Mine  
  165  10:05  Marine  
  165  10:06  Marauder  
  170  10:11  Marine  
  170  10:13  Marine x2  
  173  10:15  Liberator x2  
  173  10:17  Marine, Marauder x2  
  173  10:19  Marine x2  
  173  10:20  Marauder  
  173  10:21  Marine  
  176  10:25  Widow Mine, Marine  
  176  10:27  Marauder  
  181  10:29  Marine  
  181  10:30  Marine  
  189  10:36  Widow Mine  
  189  10:38  Marine, Marauder  
  189  10:41  Marine x2  
  189  10:42  Marine  
  164  10:43  Marine  
  164  10:47  Marine x2  
  164  10:49  Marine  
  163  10:50  Marine x2  
  163  10:53  Marine  
  163  10:54  Widow Mine  
  163  10:55  Marine  
  169  10:59  Marine x3  
  169  11:00  Marine  
  173  11:09  Marauder  
  173  11:10  Marine x2  
  173  11:11  Marine  
  163  11:12  Marine x2, Marauder  
  163  11:17  Marine x2  
  170  11:25  Marine x2  
  170  11:27  Marine  
  170  11:28  Marine  
  170  11:31  Marauder  
  170  11:32  Marine x2  
  166  11:33  Marauder  
  153  11:40  Marine x2, Marauder  
  153  11:43  Marine x2  
  153  11:44  Marine  
  153  11:45  Marine  
  153  11:46  Marine  
  160  11:52  Marauder  
  160  11:53  Marine x2  
  136  11:54  Marauder  
  136  11:56  Widow Mine x2  
  136  11:58  Marine x2  
  138  12:04  Marauder  
  138  12:08  Marauder  
  120  12:11  Marine x3  
  120  12:13  Marauder  
  120  12:14  Marine x2  
  120  12:15  Marine x2  
Show
View Real Time Build Order
Export as new Build Order

TRUE Zerg - Winner!

Build Orders: Hatch First, Muta Ling Bane 

Get SALT Encoding   

  12  0:00  Drone  
  13  0:13  Overlord  
  13  0:17  Drone  
  14  0:31  Drone  
  14  0:32  Drone  
  14  0:35  Drone  
  17  0:52  Hatchery  
  17  0:55  Drone  
  17  1:09  Spawning Pool  
  16  1:12  Extractor  
  16  1:13  Drone  
  16  1:17  Drone  
  17  1:21  Drone  
  18  1:29  Drone  
  19  1:39  Overlord  
  19  1:56  Queen  
  19  1:57  Zergling x2  
  19  2:01  Zergling x2  
  23  2:03  Queen  
  23  2:05  Zergling x2  
  26  2:11  Metabolic Boost  
  26  2:13  Drone  
  26  2:15  Drone  
  28  2:24  Drone  
  28  2:25  Drone  
  30  2:33  Drone  
  30  2:35  Queen  
  33  2:38  Drone  
  33  2:43  Drone  
  35  2:47  Overlord  
  35  2:53  Pneumatized Carapace  
  35  2:56  Drone  
  36  3:06  Drone x4  
  36  3:08  Drone  
  36  3:10  Drone  
  42  3:18  Drone x2  
  44  3:32  Overlord  
  44  3:39  Overlord  
  44  3:43  Evolution Chamber  
  44  3:44  Drone  
  44  3:45  Evolution Chamber, Drone  
  44  3:50  Queen  
  44  3:51  Drone x3  
  44  3:52  Drone x3  
  52  3:57  Drone x3  
  57  4:09  Hatchery  
  54  4:12  Zerg Melee Weapons Level 1  
  54  4:20  Queen  
  54  4:21  Overlord  
  54  4:22  Zerg Ground Armor Level 1  
  56  4:28  Overlord  
  56  4:30  Queen  
  58  4:32  Drone  
  58  4:33  Drone  
  58  4:36  Overlord  
  60  4:39  Drone  
  60  4:42  Drone x3  
  60  4:44  Zergling x2  
  60  4:45  Zergling x2  
  66  4:48  Zergling x2  
  66  4:50  Overlord  
  67  4:54  Drone x2  
  67  4:55  Drone  
  67  4:59  Queen  
  72  5:05  Spore Crawler  
  71  5:07  Queen, Overlord  
  71  5:11  Overlord  
  73  5:15  Overlord  
  73  5:17  Zergling x4  
  73  5:18  Zergling x2  
  76  5:22  Zergling x4  
  76  5:26  Queen  
  80  5:28  Zergling x2  
  80  5:30  Zergling x2  
  80  5:31  Zergling x2  
  80  5:32  Zergling x2  
  80  5:34  Zergling x4  
  86  5:40  Zergling x4  
  88  5:43  Zergling x4  
  88  5:47  Overlord  
  90  5:51  Overlord  
  90  5:55  Zergling x2  
  90  5:56  Zergling x4  
  84  5:57  Overlord  
  84  6:02  Overlord, Queen  
  79  6:04  Drone  
  79  6:05  Drone x3  
  79  6:07  Drone  
  79  6:11  Drone  
  84  6:15  Drone  
  84  6:16  Drone  
  86  6:19  Lair  
  86  6:20  Extractor  
  86  6:21  Drone  
  86  6:23  Drone  
  86  6:24  Drone  
  88  6:27  Drone  
  88  6:29  Drone  
  88  6:30  Extractor, Drone  
  90  6:33  Drone  
  90  6:36  Drone  
  90  6:38  Drone  
  92  6:45  Drone x3  
  96  6:55  Overlord  
  96  6:57  Overlord  
  96  7:00  Overlord  
  94  7:12  Hatchery  
  94  7:13  Zergling x8  
  94  7:14  Zergling x4  
  99  7:16  Queen  
  99  7:20  Spire  
  99  7:21  Drone x3  
  99  7:22  Drone x4, Extractor  
  106  7:24  Extractor  
  106  7:26  Extractor  
  106  7:27  Overlord  
  103  7:30  Zergling x8  
  103  7:32  Zergling x2  
  103  7:33  Zerg Ground Armor Level 2  
  103  7:36  Zergling x2  
  109  7:41  Zergling x2  
  109  7:43  Zergling x2  
  108  7:44  Zerg Melee Weapons Level 2  
  108  7:45  Zergling x6  
  108  7:47  Zergling x4  
  113  7:52  Zergling x4  
  113  7:54  Zergling x6  
  113  7:55  Zergling x2  
  113  7:56  Zergling x2  
  120  7:59  Zergling x2  
  120  8:04  Zergling x2  
  122  8:06  Zergling x2  
  123  8:13  Overlord  
  123  8:16  Zergling x2  
  123  8:17  Zergling x4  
  122  8:21  Overlord  
  122  8:22  Zergling x12  
  122  8:23  Baneling Nest, Queen, Zergling x4  
  122  8:24  Queen  
  122  8:27  Zergling x2  
  134  8:29  Zergling x2  
  134  8:32  Zergling x2  
  136  8:35  Mutalisk x2  
  136  8:40  Mutalisk  
  136  8:41  Mutalisk  
  142  8:42  Mutalisk x3  
  142  8:44  Zerg Flyer Weapons Level 1  
  142  8:46  Mutalisk  
  152  8:50  Mutalisk  
  154  8:56  Mutalisk  
  154  9:02  Mutalisk  
  157  9:03  Zergling x2  
  157  9:04  Overlord  
  157  9:05  Zergling x4  
  157  9:06  Zergling x2  
  157  9:07  Zergling x2  
  157  9:09  Overlord  
  161  9:10  Zergling x6  
  161  9:11  Centrifical Hooks  
  161  9:22  Zergling x24  
  173  9:25  Zergling x2  
  173  9:26  Zergling x2  
  173  9:27  Baneling, Zergling x2  
  173  9:28  Baneling x9  
  171  9:32  Zergling x4  
  171  9:33  Zergling x4  
  171  9:35  Baneling, Zergling x2  
  171  9:36  Baneling x4  
  176  9:39  Zergling x6  
  176  9:45  Baneling x4  
  179  9:46  Baneling x2  
  179  9:55  Zergling x2  
  179  9:58  Overlord  
  180  10:00  Overseer  
  180  10:01  Mutalisk x2  
  180  10:03  Zergling x16  
  180  10:05  Zergling x2  
  193  10:12  Zergling x4  
  193  10:13  Zergling x8  
  193  10:14  Zergling x2  
  189  10:22  Mutalisk x2  
  189  10:23  Mutalisk  
  195  10:30  Zergling x8  
  195  10:33  Baneling x6  
  195  10:34  Baneling x2  
  198  10:36  Zergling x8  
  198  10:39  Zergling x4  
  198  10:42  Zergling x2  
  177  10:44  Zergling x4  
  177  10:48  Zergling x2  
  177  10:49  Zergling x14  
  184  10:52  Zergling x2  
  185  10:57  Zergling x4  
  185  10:58  Zergling x2  
  185  10:59  Zergling x6  
  185  11:00  Overseer  
  190  11:10  Zergling x2  
  190  11:11  Zergling x6  
  182  11:12  Overseer  
  182  11:14  Zergling x2  
  182  11:16  Baneling x16  
  182  11:17  Zergling x4  
  188  11:18  Zergling x2  
  188  11:19  Zergling x2  
  188  11:22  Infestation Pit  
  188  11:24  Zergling x2  
  188  11:25  Zergling x4  
  191  11:26  Zergling x6  
  191  11:31  Zergling x4  
  191  11:32  Zergling x2  
  188  11:33  Zergling x2  
  188  11:34  Zergling x4  
  188  11:39  Zergling x2  
  183  11:42  Zergling x4  
  176  11:48  Mutalisk x2, Zergling x6  
  176  11:49  Mutalisk x2, Zergling x2  
  176  11:50  Mutalisk  
  176  11:53  Mutalisk  
  175  11:57  Zergling x2  
  170  12:02  Zergling x2  
  170  12:05  Mutalisk  
  170  12:07  Mutalisk  
  170  12:08  Zergling x2  
  159  12:09  Zergling x4  
  159  12:11  Zergling x2  
  159  12:12  Zergling x6  
  164  12:15  Zergling x4  
Tags
 
Add a new tag
Caveats
  • Supply blocks, unpowered buildings, or Contaminate may cause inaccurate times.
  • Supply counts are checked every 10 seconds.